 Dungeon Crawl Stone Soup version 0.27.1-34-g3ba077fa99 (webtiles) character file.

Game seed: 6507848568960375060

63 cbfl8 the Sneak (level 3, -4/33 HPs)
             Began as a Minotaur Delver on Jan 22, 2022.
             Killed by nerve-wracking pain
             ... invoked by an orc priest
              (13 damage)
             ... on level 6 of the Dungeon.
             The game lasted 00:04:22 (394 turns).

cbfl8 the Sneak (Minotaur Delver)                    Turns: 394, Time: 00:04:22

Health: -4/33      AC:  3    Str: 16    XL:     3   Next: 87%
Magic:  2/2        EV: 12    Int:  8    God:
Gold:   13         SH:  0    Dex: 11    Spells: 2/2 levels left

rFire    . . .     SeeInvis .   a - +0 hand axe
rCold    . . .     Faith    .   (no shield)
rNeg     . . .     Spirit   .   b - +0 leather armour
rPois    .         Reflect  .   (helmet restricted)
rElec    .         Harm     .   (no cloak)
rCorr    .         Rampage  .   (no gloves)
Will     .....                  (no boots)
Stlth    ++........             (no amulet)
HPRegen  0.11/turn              (no ring)
MPRegen  0.08/turn              (no ring)

@: hasted, very quick
A: horns 2, retaliatory headbutt
a: no special abilities


You were on level 6 of the Dungeon.
You visited 1 branch of the dungeon, and saw 3 of its levels.

You collected 13 gold pieces.

Inventory:

Hand Weapons
 a - a +0 hand axe (weapon)
Missiles
 i - 3 javelins (quivered)
Armour
 b - a +0 leather armour (worn)
Wands
 g - a wand of digging (3)
Scrolls
 c - 2 scrolls of fog
 d - 2 scrolls of magic mapping
 h - a scroll of identify {unknown}


   Skills:
 + Level 4.0 Fighting
 + Level 2.8 Axes
 + Level 2.3 Dodging
 + Level 5.0 Stealth


You had 2 spell levels left.
You didn't know any spells.
Your spell library was empty.

Dungeon Overview and Level Annotations

Branches:
Dungeon (7/15)
 Temple: D:4-7

Altars:
Qazlal
Uskayaw

Annotations:
D:7 1 transporter


Innate Abilities, Weirdness & Mutations

You have a pair of horns on your head.
You reflexively headbutt those who attack you in melee.


Message History

As you open the door, it creaks loudly!
You hear an angry hiss.
An ogre comes into view. It is wielding a +0 giant spiked club.
There is an open door here.
You close the door.
A kobold brigand opens the door.
The ogre shouts!
You open the door.
An orc and 4 orc priests come into view.
An orc priest is wielding a +1 vorpal mace.
The orc priest shouts! x3
The kobold brigand closely misses you.
The orc priest moves out of view.
The orc priest shouts!
You hear an angry hiss.
You hit the orc priest. Your headbutt misses the orc priest.
The orc priest is moderately wounded.
You barely miss the kobold brigand.
The kobold brigand hits you with a +0 dagger.
The orc priest begins to cast a cantrip, but forgets the words!
You feel yourself speed up. The ogre closely misses you.
You furiously retaliate!
You headbutt the ogre.
The orc priest mumbles some strange prayers to Beogh against you.
Pain shoots through your body!
The orc priest mumbles some strange prayers to Beogh against you.
Beogh smites you!
* * * LOW HITPOINT WARNING * * *
As you read the scroll of fear, it crumbles to dust.
You assume a fearsome visage.
The orc priest looks frightened! x3
The orc looks frightened!
The orc priest looks frightened!
The kobold looks frightened!
The kobold brigand looks frightened!
The kobold looks frightened!
The ogre looks frightened!
Cornered, the orc priest turns to fight!
You closely miss the orc priest.
The orc priest is moderately wounded.
Cornered, the kobold turns to fight!
The orc priest gives up.
The orc priest mumbles, "Damn and blast!"
The orc priest cries, "Oh dear!
Oh dear!"
Cornered, the orc priest turns to fight!
The orc priest mumbles some strange prayers to Beogh against you.
Pain shoots through your body!
You die...

........# #........#....#
........# #....o...#....#
........+ #...o....#...)#
(.......#######.o##..#....#
#####....#.####..##.o#....#####
#....'.......#####........#
#....#.......#............#
#....#.......#............#
#....#......@#............###
#....#.......'........#####..
#....#...##'##........#..#...
#....#(..#............'..'...
#....#...#............#..##..
######...#...†####....#######
#........#....#..'....#
#........#....#..#....#
##########....####....#


You could see 2 orc priests and an orc.

Vanquished Creatures
  A bullfrog (D:6)
1 creature vanquished.

Notes
Turn   | Place    | Note
-------+----------+-------------------------------------------
     0 | D:5      | cbfl8 the Minotaur Delver began the quest for the Orb.
     0 | D:5      | Reached XP level 1. HP: 19/19 MP: 0/0
     3 | D:5      | Noticed an ogre
    28 | D:7      | Found a stormy altar of Qazlal.
    28 | D:7      | Noticed a kobold demonologist
    28 | D:7      | Noticed a komodo dragon
    29 | D:7      | Found a hide-covered altar of Uskayaw.
    30 | D:7      | Found a transporter.
    31 | D:7      | Noticed a red ugly thing
    36 | D:7      | Noticed a wight
    36 | D:7      | Noticed a wight
    63 | D:5      | Noticed an iguana
    63 | D:5      | Noticed a water moccasin
    63 | D:5      | Noticed a scorpion
   121 | D:6      | Noticed a bullfrog
   131 | D:6      | Killed a bullfrog
   132 | D:6      | Reached skill level 5 in Stealth
   132 | D:6      | Reached XP level 2. HP: 24/27 MP: 1/1
   132 | D:6      | Reached XP level 3. HP: 29/33 MP: 2/2
   358 | D:6      | Noticed a kobold brigand
   364 | D:6      | Noticed an ogre
   394 | D:6      | Killed from afar by an orc priest

Illustrated notes

Levels and vault maps discovered:
D:5:      layout_layer_cave, nicolae_shop_self_help
D:6:      layout_gridville, roderic_batcave, lexackson_kobold_supper,
          uniq_prince_ribbit1
D:7:      layout_rooms, amcnicky_altar_gilded, gammafunk_temple_overflow_arena,
          nzn_hepliaklqana_mist_gate, uniq_menkaure

Skill      XL: |  1 |
---------------+----+-----
Fighting       | 4 |  4.0
Stealth        | 5 |  5.0
Axes           | |  2.8
Dodging        | |  2.3

Action                   || total
-------------------------++-------
Melee: Hand axe          ||     5
  Use: Scroll            ||     1
       Potion            ||     1
Armor: Leather armour    ||     1
Dodge: Dodged            ||     4
